 Dungeon Crawl Stone Soup version 0.28.0-1-gb440e238dd (webtiles) character file.

Game seed: 14892909116360408679

25 Jango the Conjurer (level 2, -3/15 HPs)
             Began as a Deep Elf Conjurer on Feb 23, 2022.
             Slain by a worm (8 damage)
             ... on level 2 of the Dungeon.
             The game lasted 00:10:49 (1835 turns).

Jango the Conjurer (Deep Elf Conjurer)              Turns: 1835, Time: 00:10:50

Health: -3/15      AC:  9    Str:  4    XL:     2   Next: 82%
Magic:  5/8        EV: -3    Int: 22    God:
Gold:   35         SH:  7    Dex: 13    Spells: 6/7 levels left

rFire   . . .      SeeInvis .   d - +0 hand axe
rCold   . . .      Faith    .   i - +0 kite shield
rNeg    . . .      Spirit   .   h - +0 chain mail
rPois   .          Reflect  .   b - +0 helmet
rElec   .          Harm     .   (no cloak)
rCorr   .          Rampage  .   (no gloves)
Will    .....                   (no boots)
Stlth   ..........              (no amulet)
HPRegen 0.05/turn               (no ring)
MPRegen 0.11/turn               (no ring)

@: very slightly contaminated
A: no striking features
a: no special abilities


You were on level 2 of the Dungeon.
You visited 1 branch of the dungeon, and saw 2 of its levels.

You collected 35 gold pieces.

Inventory:

Hand Weapons
 d - a +0 hand axe (weapon)
 e - a +0 club
 f - a +0 short sword
 g - a +0 whip
Armour
 a - a +0 robe
 b - a +0 helmet (worn)
 c - a +0 leather armour
 h - a +0 chain mail (worn)
 i - a +0 kite shield (worn)


   Skills:
 + Level 0.1 Fighting
 + Level 0.2 Armour
 + Level 2.6 Dodging
 + Level 2.5 Stealth
 + Level 3.2 Spellcasting
 + Level 5.0 Conjurations


You had 6 spell levels left.
You knew the following spells:

 Your Spells              Type           Power      Damage    Failure   Level
a - Magic Dart            Conj           100%       1d8       100%        1

Your spell library contained the following spells:

 Spells                   Type           Power      Damage    Failure   Level
 Searing Ray              Conj           50%        2d6       100%        2
 Dazzling Flash           Conj/Hex       28%        N/A       100%        3
 Fulminant Prism          Conj/Hex       7%         3d7       100%        4
 Iskenderun's Mystic Bla  Conj/Tloc      14%        2d5       100%        4


Dungeon Overview and Level Annotations

Branches:
Dungeon (2/15)

Altars:


Message History

You see here a hobgoblin corpse.
Aiming: Magic Dart (safe; 100% risk of failure)
Press: ? - help, Q - select action Shift-Dir - straight line, f - worm
Aim: a worm (100% to hit)
You miscast Magic Dart.
Nothing appears to happen.
You hit the worm but do no damage. You hit the worm.
The worm is moderately wounded.
The worm bites you.
You hit the worm.
The worm is moderately wounded.
The worm bites you.
You hit the worm.
The worm is moderately wounded.
The worm bites you.
You hit the worm but do no damage.
The worm is moderately wounded.
The worm bites you but does no damage.
You hit the worm but do no damage.
The worm is moderately wounded.
The worm bites you but does no damage.
You hit the worm.
The worm is moderately wounded.
The worm bites you but does no damage.
You barely miss the worm.
The worm is moderately wounded.
The worm bites you but does no damage.
You hit the worm.
The worm is heavily wounded.
The worm bites you but does no damage.
You barely miss the worm.
The worm is moderately wounded.
The worm bites you.
You completely miss the worm.
The worm is moderately wounded.
You hit the worm.
The worm is severely wounded.
The worm bites you!
Ouch! That really hurt!
You die...

# # #########
....... ####
....... ...# #.#...
##.# # #.##w# #.#
#. #.##@# #.###
#.####.##.# # #...#
#......##†#.#
###.#####....#....#
#.............###
#######.#....##
#.#.##.# ########


You could see a worm.

Vanquished Creatures
  2 endoplasms (D:1)
  A giant cockroach (D:1)
  A goblin (D:1)
  3 hobgoblins
  4 jackals (D:1)
  A quokka (D:1)
  2 ball pythons (D:1)
  A bat (D:1)
  2 frilled lizards (D:1)
  4 kobolds (D:1)
  2 rats (D:1)
23 creatures vanquished.

Notes
Turn   | Place    | Note
-------+----------+-------------------------------------------
     0 | D:1      | Jango the Deep Elf Conjurer began the quest for the Orb.
     0 | D:1      | Reached XP level 1. HP: 10/10 MP: 6/6
   562 | D:1      | Reached XP level 2. HP: 15/15 MP: 5/8
  1373 | D:1      | Reached skill level 5 in Conjurations
  1835 | D:2      | Slain by a worm

Illustrated notes

Levels and vault maps discovered:
D:1:      dpeg_arrival_shelter, layout_loops_corners
D:2:      layout_basic, serial_shops,
          nicolae_shop_temple_entry_statues_fountains, basic_altar,
          minmay_rat_hole

Skill      XL: |  1  2 |
---------------+-------+-----
Conjurations   | 5 |  5.0
Fighting       | |  0.1
Armour         | |  0.2
Dodging        | |  2.6
Stealth        | |  2.5
Spellcasting   | |  3.2

Action                   || total
-------------------------++-------
Melee: Hand axe          ||    20
 Cast: Magic Dart        ||    44
  Use: Scroll            ||     3
Armor: Robe              ||    11
       Chain mail        ||     9
Dodge: Dodged            ||    26
